 Dungeon Crawl Stone Soup version 0.19.1 (webtiles) character file.

184 Ice the Skirmisher (level 5, -2/48 HPs)
             Began as a Minotaur Berserker on Nov 30, 2016.
             Was a Believer of Trog.
             Slain by a gnoll
             ... wielding a +1 halberd of chopping
              (10 damage)
             ... on level 2 of the Dungeon.
             The game lasted 00:05:34 (1093 turns).

Ice the Skirmisher (Minotaur Berserker)             Turns: 1093, Time: 00:05:34

Health: -2/48      AC:  5    Str: 22    XL:     5   Next: 36%
Magic:  4/4        EV: 11    Int:  4    God:    Trog [**....]
Gold:   50         SH:  0    Dex: 10    Spells: 0 memorised, 4 levels left

rFire  . . .     SeeInvis +     o - +0 scythe
rCold  . . .     Gourm    .     j - +0 ring mail
rNeg   . . .     Faith    .     (shield currently unavailable)
rPois  .         Spirit   .     (helmet restricted)
rElec  .         Reflect  .     (no cloak)
rCorr  .         Harm     .     (no gloves)
MR     .....                    (no boots)
Stlth  ..........               (no amulet)
                                (no ring)
                                f - ring of see invisible

@: no status effects
A: retaliatory headbutt, horns 2
a: Berserk, Trog's Hand, Burn Spellbooks, Renounce Religion


You were on level 2 of the Dungeon.
You worshipped Trog.
Trog was pleased with you.
You were hungry.

You visited 1 branch of the dungeon, and saw 2 of its levels.

You collected 50 gold pieces.

Inventory:

Hand Weapons
 d - a +0 short sword
 e - a +0 hunting sling
 o - a +0 scythe (weapon)
Missiles
 a - 21 bolts
 h - 24 stones (quivered)
 n - 6 tomahawks
Armour
 j - a +0 ring mail (worn)
Jewellery
 f - a ring of see invisible (left hand)
Potions
 b - a potion of cure mutation {unknown}
 i - 2 potions of lignification {unknown}
 l - a potion of beneficial mutation {unknown}
 m - a potion of agility {unknown}
Comestibles
 c - 2 bread rations
 g - 2 chunks of flesh


   Skills:
 - Level 5.0 Fighting
 - Level 3.6 Polearms
 + Level 4.7 Slings
 - Level 2.4 Armour
 - Level 2.1 Dodging


You had 4 spell levels left.
You didn't know any spells.

Dungeon Overview and Level Annotations

Branches:
Dungeon (2/15)

Altars:


Innate Abilities, Weirdness & Mutations

You reflexively headbutt those who attack you in melee.
You have a pair of horns on your head.


Message History

The gnoll hits you but does no damage. The gnoll closely misses you.
A gnoll comes into view. It is wielding a halberd of chopping.
You closely miss the gnoll.
The gnoll is moderately wounded.
The gnoll barely misses you. The gnoll closely misses you.
The gnoll hits you from afar with a spear.
The gnoll barely misses you.
You hit the gnoll but do no damage.
The gnoll is moderately wounded.
The gnoll closely misses you. The gnoll barely misses you.
The gnoll misses you.
You slash the gnoll! Your headbutt misses the gnoll.
The gnoll is almost dead.
The gnoll hits you. The gnoll closely misses you.
The gnoll hits you from afar with a spear!
* * * LOW HITPOINT WARNING * * *
The gnoll hits you.
* * * LOW HITPOINT WARNING * * *
The gnoll hits you from afar with a halberd of chopping!
You die...

#(...# #( ..#
#(...#
..##..#<####.##
................
###.
#.##l####....
....
#.#grg....... #..
#.##g#######.
##..##.##@######
#................
#......##.#######
#......##...
#......#......
#......#.######
#......#.
+......#.
#......#


You could see 3 gnolls, a frilled lizard and a rat.

Vanquished Creatures
  Sigmund (D:2)
  A leopard gecko (D:2)
  A ball python (D:1)
  4 bats (D:1)
  6 goblins (D:1)
  A hobgoblin (D:2)
  3 jackals (D:1)
  3 frilled lizards
  5 kobolds (D:1)
  5 rats (D:1)
30 creatures vanquished.

Notes
Turn   | Place    | Note
-------+----------+-------------------------------------------
     0 | D:1      | Ice the Minotaur Berserker began the quest for the Orb.
     0 | D:1      | Reached XP level 1. HP: 19/19 MP: 0/0
     6 | D:1      | Noticed a hound
     6 | D:1      | Noticed a swamp worm
     6 | D:1      | Noticed a black bear
     6 | D:1      | Noticed a water moccasin
     6 | D:1      | Noticed an iguana
    97 | D:1      | Reached skill level 4 in Fighting
   101 | D:1      | Reached XP level 2. HP: 25/27 MP: 1/1
   948 | D:1      | Reached ** piety under Trog
   948 | D:1      | Reached skill level 5 in Fighting
  1007 | D:2      | Noticed Sigmund
  1015 | D:2      | Killed Sigmund
  1015 | D:2      | Reached XP level 3. HP: 9/36 MP: 2/2
  1015 | D:2      | Reached XP level 4. HP: 10/42 MP: 3/3
  1015 | D:2      | Reached XP level 5. HP: 12/48 MP: 4/4
  1093 | D:2      | Slain by a gnoll

Skill      XL: |  1  2 |
---------------+-------+-----
Fighting       | 4 5 |  5.0
Slings         | 4 |  4.7
Polearms       | |  3.6
Armour         | |  2.4
Dodging        | |  2.1

Action                   |  1- 3 |  4- 6 || total
-------------------------+-------+-------++-------
Melee: Spear             |    40 |       ||    40
       Headbutt          |     7 |       ||     7
       Hand axe          |    15 |       ||    15
       Scythe            |       |     4 ||     4
 Fire: Hunting sling     |    29 |    12 ||    41
Throw: Stone             |     1 |       ||     1
Invok: Berserk           |     1 |       ||     1
  Use: Scroll            |     1 |       ||     1
  Eat: Chunk             |       |     1 ||     1
Armor: Animal skin       |    11 |       ||    11
       Ring mail         |     7 |     1 ||     8
Dodge: Dodged            |    34 |     9 ||    43
